[Event "Team 45 45 League T55"]
[Site "Internet Chess Club"]
[Date "2012.12.04"]
[Round "3"]
[White "steadman"]
[Black "TerryMalloy"]
[Result "1-0"]
[WhiteElo "2114"]
[BlackElo "1976"]
[Opening "QGA: classical, 6...a6"]
[ECO "D27"]
[Time "17:12:56"]
[TimeControl "2700+45"]

1. d4 d5 2. c4 dxc4 3. Nf3 Nf6 4. e3 e6 5. Bxc4 c5 6. O-O a6 7. Bb3 Nbd7 8. e4
Nxe4 9. Qe2 Nd6 10. d5 e5 11. Nxe5 Be7 12. Nxd7 Bxd7 13. Re1 f6 14. Nc3 Kf7 15.
Ne4 Bb5 16. Qf3 Re8 17. Nxc5 Kg8 18. Ne6 Qa5 19. Bf4 Bf8 20. Rec1 Qb6 21. Nc7
Rad8 22. Nxe8 Bxe8 23. Qe3 Qb5 24. Rc5 Qb4 25. Rac1 Bf7 26. Bxd6 Bxd6 27. Rc8
Rxc8 28. Rxc8+ Bf8 29. d6 Qxd6 30. Bxf7+ Kxf7 31. Qe8+ Kg8 32. Rd8 Qc5 33. Qe6+
Kh8 34. Rc8 Qb4 35. a3 {Black resigns} 1-0

[Event "Team 45 45 League T55"]
[Site "Internet Chess Club"]
[Date "2012.12.01"]
[Round "3"]
[White "jorobo"]
[Black "Kueh"]
[Result "1-0"]
[WhiteElo "1978"]
[BlackElo "1970"]
[Opening "King's Indian: Kazakh variation"]
[ECO "E91"]
[Time "11:02:21"]
[TimeControl "2700+45"]

1. c4 g6 2. Nc3 Bg7 3. d4 Nf6 4. e4 d6 5. Be2 O-O 6. Nf3 Na6 7. O-O e5 8. Be3
Qe7 9. dxe5 dxe5 10. Nd5 Nxd5 11. cxd5 Nc5 12. Qc2 b6 13. Bxc5 bxc5 14. Rac1 Rb8
15. b3 f5 16. Qxc5 Qf6 17. Qxc7 Bb7 18. Bd3 Bxd5 19. exd5 e4 20. Be2 exf3 21.
Bxf3 a5 22. Qxa5 Ra8 23. Qd2 Qb2 24. Qxb2 Bxb2 25. Rc2 Rxa2 26. Rb1 Rfa8 27. d6
Bf6 28. Bd5+ Kf8 29. Rc7 R8a5 30. Rf7+ Kg8 31. Bc4 Bg5 32. f4 {Black resigns}
1-0

[Event "Team 45 45 League T55"]
[Site "Internet Chess Club"]
[Date "2012.12.02"]
[Round "3"]
[White "Morovon23"]
[Black "chess9793"]
[Result "1/2-1/2"]
[WhiteElo "2318"]
[BlackElo "2153"]
[Opening "English opening"]
[ECO "A05"]
[Time "21:00:27"]
[TimeControl "2700+45"]

1. Nf3 Nf6 2. c4 g6 3. Nc3 d5 4. cxd5 Nxd5 5. e4 Nxc3 6. dxc3 Qxd1+ 7. Kxd1 Nc6
8. Be3 Bg4 9. Be2 O-O-O+ 10. Kc2 Bg7 11. h3 Bd7 12. Rad1 h6 13. Nd2 Be6 14. Bb5
Bd7 15. a4 a6 16. Be2 Be6 17. f4 f5 18. e5 g5 19. g3 h5 20. Nf3 g4 21. Rxd8+
Rxd8 22. hxg4 hxg4 23. Nd4 Nxd4+ 24. Bxd4 Rh8 {Game drawn by mutual agreement}
1/2-1/2

[Event "Team 45 45 League T55"]
[Site "Internet Chess Club"]
[Date "2012.12.02"]
[Round "3"]
[White "Rodin7"]
[Black "MikeA"]
[Result "0-1"]
[WhiteElo "2012"]
[BlackElo "2260"]
[Opening "Pirc: Austrian attack, 6.Bd3"]
[ECO "B09"]
[Time "21:12:55"]
[TimeControl "2700+45"]

1. e4 d6 2. d4 Nf6 3. Nc3 g6 4. f4 Bg7 5. Nf3 O-O 6. Bd3 Nc6 7. O-O Bg4 8. e5
dxe5 9. dxe5 Nd5 10. h3 Bc8 11. Bd2 Bh6 12. Nxd5 Qxd5 13. Qe2 Rd8 14. Kh1 Nd4
15. Nxd4 Qxd4 16. Bc3 Qb6 17. Rae1 e6 18. h4 Bd7 19. b3 Bc6 20. h5 a5 21. hxg6
hxg6 22. f5 Kg7 23. fxg6 Bf4 24. Rf2 Rh8+ 25. Kg1 Bg3 26. Qe3 Rh1+ 27. Kxh1 Bxf2
28. Qh3 Rh8 29. Qxh8+ Kxh8 30. gxf7 Kg7 31. Rf1 Kf8 32. Bd2 Qd4 33. Bh6+ Kxf7
{White resigns} 0-1

[Event "Team 45 45 League T55"]
[Site "Internet Chess Club"]
[Date "2012.11.30"]
[Round "3"]
[White "StephenHawking"]
[Black "Cryptochess"]
[Result "1-0"]
[WhiteElo "2222"]
[BlackElo "2033"]
[Opening "Nimzo-Indian: classical, Milner-Barry (Zurich) variation"]
[ECO "E33"]
[Time "19:34:21"]
[TimeControl "2700+45"]

1. d4 Nf6 2. c4 e6 3. Nc3 Bb4 4. Qc2 Nc6 5. Nf3 d6 6. Bd2 e5 7. d5 Bxc3 8. Bxc3
Ne7 9. Nd2 O-O 10. e4 a5 11. g3 Nd7 12. Bg2 Nc5 13. Nb3 Nxb3 14. axb3 c6 15. O-O
cxd5 16. cxd5 Bd7 17. b4 a4 18. f4 Qb6+ 19. Kh1 Rfc8 20. Qf2 Qxf2 21. Rxf2 a3
22. fxe5 Bb5 23. Bh3 axb2 24. Bxb2 Rxa1+ 25. Bxa1 Rc1+ 26. Kg2 dxe5 27. Bxe5 Bd3
28. Kf3 Rc4 29. Ra2 Bxe4+ 30. Kf2 f5 31. d6 Nc6 32. Bf1 Rc2+ 33. Rxc2 Bxc2 34.
Bc3 Bb3 35. b5 Nb8 36. Ke3 Kf7 37. Kf4 g6 38. Kg5 Ke6 39. Kh6 Kxd6 40. Kxh7 Bf7
41. Kg7 Be8 42. Kf8 Bd7 43. Bd2 Kc7 44. Bf4+ Kc8 45. Kf7 {Black resigns} 1-0

[Event "Team 45 45 League T55"]
[Site "Internet Chess Club"]
[Date "2012.12.02"]
[Round "3"]
[White "Legal"]
[Black "primerpaso"]
[Result "1-0"]
[WhiteElo "1968"]
[BlackElo "1915"]
[Opening "Sicilian: Grand Prix attack"]
[ECO "B23"]
[Time "18:05:35"]
[TimeControl "2700+45"]

1. e4 c5 2. Nc3 Nc6 3. f4 g6 4. Nf3 Bg7 5. Bb5 Nd4 6. Bc4 e6 7. O-O Ne7 8. Ne2
O-O 9. Nexd4 cxd4 10. d3 d5 11. Bb3 dxe4 12. dxe4 Qb6 13. Qe1 Rd8 14. Qh4 d3+
15. Kh1 Nc6 16. f5 Nd4 17. Bg5 Nxf3 18. Rxf3 Rd6 19. fxg6 hxg6 20. cxd3 Bd7 21.
Raf1 Be8 22. Rh3 Qb5 23. Qh7+ Kf8 24. Qh8+ {Black resigns} 1-0

[Event "Team 45 45 League T55"]
[Site "Internet Chess Club"]
[Date "2012.12.02"]
[Round "3"]
[White "phoenix10q72"]
[Black "Pacini"]
[Result "0-1"]
[WhiteElo "2151"]
[BlackElo "2144"]
[Opening "Sicilian: Kan, 5.Nc3"]
[ECO "B43"]
[Time "13:06:28"]
[TimeControl "2700+45"]

1. e4 c5 2. Nf3 e6 3. d4 cxd4 4. Nxd4 a6 5. Nc3 Qc7 6. Bd3 Nc6 7. Be3 Nf6 8. O-O
Bd6 9. f4 Bc5 10. Nf5 Bxe3+ 11. Nxe3 d6 12. Kh1 b6 13. Qf3 Bb7 14. Qg3 O-O 15.
Rae1 Nb4 16. e5 Nfd5 17. Ncxd5 Nxd5 18. Nxd5 Bxd5 19. f5 exf5 20. exd6 Qc6 21.
Rxf5 Rad8 22. Rg5 g6 23. b3 b5 24. a4 b4 25. h4 Qxd6 26. Qxd6 Rxd6 27. Bxa6
Bxg2+ 28. Kxg2 Rxa6 29. Rb5 Rd8 30. Rxb4 Rd2+ 31. Kg3 Rxc2 32. Rb7 Rc3+ 33. Kf4
Rf6+ 34. Kg4 h5+ 35. Kg5 Kg7 {White resigns} 0-1

[Event "Team 45 45 League T55"]
[Site "Internet Chess Club"]
[Date "2012.12.01"]
[Round "3"]
[White "parpin"]
[Black "searchforbobby1"]
[Result "1-0"]
[WhiteElo "2072"]
[BlackElo "2122"]
[Opening "French: Réti (Spielmann) variation"]
[ECO "C00"]
[Time "09:03:36"]
[TimeControl "2700+45"]

1. e4 e6 2. b3 d5 3. Bb2 Nf6 4. e5 Nfd7 5. Qg4 c5 6. f4 Nc6 7. Nf3 f5 8. Qg3 a6
9. Ng5 Qe7 10. Nxh7 Qf7 11. Ng5 Qg6 12. Ne4 Qxg3+ 13. Nxg3 Be7 14. Ne2 g5 15. g3
b5 16. Bg2 Bb7 17. a4 gxf4 18. axb5 axb5 19. Rxa8+ Bxa8 20. gxf4 Nb4 21. Na3 Bc6
22. O-O Na6 23. c4 bxc4 24. bxc4 Rg8 25. cxd5 Bxd5 26. Ng3 Nb4 27. Bxd5 Nxd5 28.
Nc4 Rg4 29. Ne3 Nxe3 30. dxe3 Nb6 31. Kg2 Nd5 32. Kf3 c4 33. Rc1 Rh4 34. Nf1 Bc5
35. Rxc4 Bxe3 36. Nxe3 Rh3+ 37. Kg2 Rxe3 38. Bc1 Rd3 39. h4 Kf7 40. Rc6 Rd4 41.
Kg3 Rd3+ 42. Kh2 Rd4 43. Kg3 Rd3+ 44. Kg2 Rd4 45. h5 Nxf4+ 46. Bxf4 Rxf4 47.
Rc7+ Kf8 48. h6 Rh4 49. h7 Rh6 50. Kg3 Rh1 51. Kf4 Rh5 52. Ra7 Rh1 53. Kg5 Rh2
54. Kg6 {Black resigns} 1-0

[Event "Team 45 45 League T55"]
[Site "Internet Chess Club"]
[Date "2012.11.30"]
[Round "3"]
[White "Aragonof"]
[Black "boknoy"]
[Result "1/2-1/2"]
[WhiteElo "1998"]
[BlackElo "1977"]
[Opening "Sicilian defense"]
[ECO "B40"]
[Time "19:47:01"]
[TimeControl "2700+45"]

1. e4 c5 2. Nf3 e6 3. c3 Nf6 4. d3 Nc6 5. g3 b6 6. Bg2 Bb7 7. O-O d6 8. Re1 Qc7
9. Na3 Be7 10. Bf4 a6 11. Nc2 O-O {Game drawn by mutual agreement} 1/2-1/2

[Event "Team 45 45 League T55"]
[Site "Internet Chess Club"]
[Date "2012.12.03"]
[Round "3"]
[White "NFork"]
[Black "SlimeDog2"]
[Result "1/2-1/2"]
[WhiteElo "2146"]
[BlackElo "2117"]
[Opening "Petrov: classical attack, Marshall variation"]
[ECO "C42"]
[Time "02:10:32"]
[TimeControl "2700+45"]

1. e4 e5 2. Nf3 Nf6 3. Nxe5 d6 4. Nf3 Nxe4 5. d4 d5 6. Bd3 Bd6 7. O-O O-O 8. c4
c6 9. h3 Bf5 10. Nc3 Nxc3 11. bxc3 Bxd3 12. Qxd3 dxc4 13. Qxc4 Nd7 14. Rb1 Qc7
15. Re1 Rfe8 16. Bd2 h6 17. Nh4 Bf4 18. Qd3 Nf6 19. Nf3 Rxe1+ 20. Bxe1 b5 21. c4
bxc4 22. Qxc4 Nd5 23. Qa6 Nb6 24. Bb4 Qc8 25. Qe2 Nd5 26. Bd2 Rb8 27. Re1 Rb2
28. Qe8+ Qxe8 29. Rxe8+ Kh7 30. Bxf4 Nxf4 31. a3 Ra2 32. Re3 Nd5 33. Rb3 f6 34.
Nh4 Nf4 35. Nf5 g6 36. Ne7 Ne2+ 37. Kh1 Nxd4 38. Rb7 Kh8 39. Rxa7 Rxf2 40. Nxg6+
Kg8 41. a4 c5 42. Rc7 Ra2 43. Ne7+ Kf7 44. Nf5+ Kg6 45. Nh4+ Kh5 46. g3 Rxa4 47.
Rxc5+ f5 48. Rd5 Ra1+ 49. Kg2 Ra2+ 50. Kf1 Ra1+ 51. Kf2 Ra2+ 52. Ke3 Ra3+ 53.
Kf2 Ra2+ 54. Ke3 Ra3+ 55. Kf4 Ne2+ 56. Ke5 Re3+ 57. Kf6 Nxg3 58. Nxf5 Nxf5 {Game
drawn by mutual agreement} 1/2-1/2

[Event "Team 45 45 League T55"]
[Site "Internet Chess Club"]
[Date "2012.12.02"]
[Round "3"]
[White "eurander"]
[Black "Feifo"]
[Result "1-0"]
[WhiteElo "2096"]
[BlackElo "1878"]
[Opening "French: Tarrasch, closed variation, main line"]
[ECO "C06"]
[Time "08:00:07"]
[TimeControl "2700+45"]

1. e4 e6 2. d4 d5 3. Nd2 Nf6 4. e5 Nfd7 5. Bd3 c5 6. c3 Nc6 7. Ne2 cxd4 8. cxd4
f6 9. exf6 Nxf6 10. O-O Bd6 11. Nf3 O-O 12. Bf4 Bxf4 13. Nxf4 Ne4 14. g3 Qb6 15.
Re1 Qxb2 16. Bxe4 dxe4 17. Rxe4 Ne7 18. Re3 Qb6 19. Ng5 Nd5 20. Qd3 Rf5 21. Qxf5
{Black resigns} 1-0

[Event "Team 45 45 League T55"]
[Site "Internet Chess Club"]
[Date "2012.12.01"]
[Round "3"]
[White "barbak"]
[Black "aww-rats"]
[Result "1-0"]
[WhiteElo "1987"]
[BlackElo "2062"]
[Opening "KP: Nimzovich defense, Bogolyubov variation"]
[ECO "B00"]
[Time "14:03:42"]
[TimeControl "2700+45"]

1. e4 Nc6 2. d4 d5 3. Nc3 dxe4 4. d5 Ne5 5. Bf4 Ng6 6. Bg3 f5 7. Nh3 a6 8. Bc4
Nh6 9. f3 exf3 10. Qxf3 Nf7 11. Qe2 Nd6 12. Bb3 Bd7 13. O-O b6 14. Ng5 e5 15.
dxe6 Qxg5 16. exd7+ Kxd7 17. Qe6+ Kd8 18. Nd5 f4 19. Nxf4 Qc5+ 20. Kh1 Be7 21.
Nxg6 hxg6 22. Qxg6 Ne8 23. Rad1+ Bd6 24. Rf7 Kc8 25. Bxd6 Nxd6 26. Rxg7 Qe5 27.
Rg8+ Kb7 28. Bd5+ c6 29. Qg7+ Qxg7 30. Rxg7+ Kb8 31. Bxc6 Nf5 32. Rg5 Ne3 33.
Rd3 Rf8 34. h3 Rf1+ 35. Kh2 Re1 36. Rg8+ Kc7 37. Bxa8 Nf1+ 38. Kg1 Rc1 39. Rg7+
Kc8 40. Bb7+ Kb8 41. Rd8+ {Black resigns} 1-0

[Event "Team 45 45 League T55"]
[Site "Internet Chess Club"]
[Date "2012.12.02"]
[Round "3"]
[White "AugustoCaruso"]
[Black "grabuark"]
[Result "1/2-1/2"]
[WhiteElo "2203"]
[BlackElo "2214"]
[Opening "Sicilian: dragon, Yugoslav attack, Rauser variation"]
[ECO "B76"]
[Time "10:07:47"]
[TimeControl "2700+45"]

1. e4 c5 2. Nf3 d6 3. d4 cxd4 4. Nxd4 Nf6 5. Nc3 g6 6. Be3 Bg7 7. f3 O-O 8. Qd2
Nc6 9. O-O-O Bd7 10. g4 Rc8 11. h4 Ne5 12. h5 Qa5 13. Be2 b5 14. a3 Nc4 15. Bxc4
bxc4 16. hxg6 fxg6 17. Bh6 Rf7 18. Bxg7 Rxg7 19. g5 Nh5 20. f4 Rf7 21. f5 Rb8
22. Nd5 Qxd2+ 23. Rxd2 Ng3 24. Re1 gxf5 25. exf5 Nxf5 26. Nxf5 Bxf5 27. Nxe7+
Kf8 28. Nxf5 Rxf5 29. Rxd6 Rxg5 30. Rd7 Rg7 31. Red1 Rf7 32. R1d4 Rf1+ 33. Kd2
Rf2+ 34. Kc3 Rf3+ 35. Kxc4 Rxb2 36. c3 Rf7 37. Rxf7+ Kxf7 38. Rd7+ Kg6 39. Rxa7
h5 40. Ra8 h4 41. Rh8 Kg5 42. a4 Kg4 43. a5 h3 44. a6 Ra2 45. Rh6 Kg3 46. Kb5 h2
47. c4 Rb2+ 48. Kc6 Ra2 49. Kb7 Rb2+ 50. Kc7 Ra2 51. Kb7 Rb2+ {Game drawn by
mutual agreement} 1/2-1/2

[Event "Team 45 45 League T55"]
[Site "Internet Chess Club"]
[Date "2012.11.30"]
[Round "3"]
[White "Zumbi"]
[Black "QueensCounselor"]
[Result "1/2-1/2"]
[WhiteElo "2225"]
[BlackElo "2075"]
[Opening "QGD Slav: 4.Nc3"]
[ECO "D15"]
[Time "14:32:48"]
[TimeControl "2700+45"]

1. d4 d5 2. c4 c6 3. Nf3 Nf6 4. Nc3 Bf5 5. a4 e6 6. Nh4 Bg6 7. Nxg6 hxg6 8. e3
Bb4 9. Bd2 Nbd7 10. Bd3 Qc7 11. h3 O-O 12. O-O dxc4 13. Bxc4 c5 14. Nb5 Qa5 15.
Bxb4 Qxb4 16. Qb3 Qxb3 17. Bxb3 {Game drawn by mutual agreement} 1/2-1/2

[Event "Team 45 45 League T55"]
[Site "Internet Chess Club"]
[Date "2012.12.03"]
[Round "3"]
[White "Jack-ONeill"]
[Black "jonesey"]
[Result "1-0"]
[WhiteElo "2024"]
[BlackElo "1863"]
[Opening "Colle system"]
[ECO "D05"]
[Time "08:51:58"]
[TimeControl "2700+45"]

1. d4 d5 2. Nf3 Nf6 3. e3 e6 4. Bd3 c5 5. c3 Nc6 6. Nbd2 Be7 7. O-O O-O 8. Qe2
Qc7 9. dxc5 Bxc5 10. e4 Ne5 11. Nxe5 Qxe5 12. exd5 Qxe2 13. Bxe2 Nxd5 14. Nb3
Be7 15. Bf3 Rd8 16. Rd1 Bd6 17. g3 Rb8 18. Kg2 b6 19. Nd4 Bd7 20. a4 a6 21. h4
Rbc8 22. Be2 Ra8 23. Kg1 e5 24. Bf3 Ra7 25. Nb3 {Black resigns} 1-0

[Event "Team 45 45 League T55"]
[Site "Internet Chess Club"]
[Date "2012.11.30"]
[Round "3"]
[White "powerchess1"]
[Black "LiangLiang"]
[Result "1-0"]
[WhiteElo "1702"]
[BlackElo "1642"]
[Opening "Grünfeld: Stockholm variation"]
[ECO "D80"]
[Time "19:00:07"]
[TimeControl "2700+45"]

1. d4 Nf6 2. c4 g6 3. Nc3 d5 4. Bg5 e6 5. Nf3 Bg7 6. Qd2 O-O 7. Bh6 Ne4 8. Nxe4
dxe4 9. Bxg7 Kxg7 10. Ne5 Nd7 11. Nxd7 Bxd7 12. e3 Bc6 13. Qc3 Qf6 14. Be2 b6
15. h4 Kh8 16. g4 a5 17. g5 Qg7 18. O-O-O Rad8 19. h5 Rd7 20. h6 Qg8 21. d5+ f6
22. dxc6 Rxd1+ 23. Rxd1 e5 24. gxf6 Qf7 25. Qxe5 Qxf6 26. Qxf6+ {Black resigns}
1-0

[Event "Team 45 45 League T55"]
[Site "Internet Chess Club"]
[Date "2012.12.01"]
[Round "3"]
[White "almond123"]
[Black "spongenotbob"]
[Result "0-1"]
[WhiteElo "1444"]
[BlackElo "1850"]
[Opening "Caro-Kann: classical variation"]
[ECO "B18"]
[Time "15:00:51"]
[TimeControl "2700+45"]

1. e4 c6 2. d4 d5 3. Nc3 dxe4 4. Nxe4 Bf5 5. Ng3 Bg6 6. Nf3 Nd7 7. Bf4 e6 8. Be2
Ngf6 9. Ne5 Nxe5 10. Bxe5 Bd6 11. Bxd6 Qxd6 12. O-O O-O 13. c3 Nd5 14. Bd3 Bxd3
15. Qxd3 f5 16. Rad1 Rf6 17. Qe2 Rg6 18. Qe5 Qxe5 19. dxe5 f4 20. Ne4 h5 21.
Rfe1 f3 22. g3 h4 23. a3 Nf4 24. Kf1 Ne2 25. Rd3 hxg3 26. Nxg3 Nxg3+ 27. hxg3
Rf8 28. Ree3 Rg5 29. Rxf3 Rxf3 30. Rxf3 Rxe5 31. Re3 Rxe3 32. fxe3 Kf7 33. Kf2
Kf6 34. Kf3 Kg5 35. b3 b6 36. g4 Kh4 37. Kf4 g5+ 38. Kf3 Kh3 39. b4 b5 40. e4 e5
41. Kf2 Kxg4 42. Ke3 Kg3 43. Ke2 Kf4 44. Kd3 g4 45. Ke2 Kxe4 {White resigns} 0-1

[Event "Team 45 45 League T55"]
[Site "Internet Chess Club"]
[Date "2012.12.02"]
[Round "3"]
[White "Manch"]
[Black "DouDou"]
[Result "1-0"]
[WhiteElo "1508"]
[BlackElo "1637"]
[Opening "Grünfeld: Stockholm variation"]
[ECO "D80"]
[Time "11:15:31"]
[TimeControl "2700+45"]

1. d4 Nf6 2. c4 g6 3. Nc3 d5 4. Bg5 Bg7 5. e3 O-O 6. Bd3 c6 7. cxd5 cxd5 8. Rc1
Nc6 9. a3 Bd7 10. Nf3 Qc7 11. Bxf6 exf6 12. Nxd5 Qd6 13. Nc3 Rfe8 14. O-O a6 15.
Ne4 Qc7 16. d5 Bf5 17. Nxf6+ Bxf6 18. Bxf5 gxf5 19. Qe2 Rad8 20. dxc6 bxc6 21.
Qxa6 Rd6 22. b4 Kh8 23. Nd4 Bxd4 24. exd4 Rh6 25. g3 f4 26. d5 fxg3 27. fxg3 Rg8
28. Rf3 Qe5 29. Qd3 Qb2 30. Qc3+ Qxc3 31. Rcxc3 cxd5 32. Rxf7 Re8 33. Rf2 d4 34.
Rd3 Rd6 35. b5 Rb8 36. a4 Ra8 37. Ra2 Kg7 38. a5 Rd5 39. b6 Rdxa5 40. Rxa5 Rxa5
41. Rxd4 Rb5 42. Rd7+ Kg6 43. b7 h5 44. Kg2 Kg5 45. Kf3 Kf6 46. Ke4 Ke6 47. Rc7
Kd6 48. Rh7 Ke6 49. Rxh5 Rxb7 50. Rh6+ {Black resigns} 1-0

[Event "Team 45 45 League T55"]
[Site "Internet Chess Club"]
[Date "2012.12.02"]
[Round "3"]
[White "ilovechess"]
[Black "drsigmund1"]
[Result "0-1"]
[WhiteElo "1675"]
[BlackElo "1630"]
[Opening "French: Tarrasch, closed variation"]
[ECO "C05"]
[Time "20:00:19"]
[TimeControl "2700+45"]

1. e4 e6 2. d4 d5 3. Nd2 Nf6 4. exd5 exd5 5. Ngf3 Bd6 6. Be2 O-O 7. O-O c6 8.
Nb3 Bf5 9. Bg5 Nbd7 10. Bd3 Bg4 11. h3 Be6 12. Re1 Qc7 13. Qd2 h6 14. Be3 Nh5
15. Bxh6 gxh6 16. Qxh6 Ndf6 17. Ng5 Bf4 18. g4 Bxg5 19. Qxg5+ Ng7 20. Qxf6 Qd7
21. Qh4 f5 22. Nc5 Qc8 23. Qh6 Re8 24. gxf5 Bxf5 25. Bxf5 Qxf5 26. Rxe8+ Rxe8
27. c3 b6 28. Nb3 Re6 29. Qh4 Rg6+ 30. Kf1 Qd3+ 31. Ke1 Rg1# {White checkmated}
0-1

[Event "Team 45 45 League T55"]
[Site "Internet Chess Club"]
[Date "2012.12.01"]
[Round "3"]
[White "justice02"]
[Black "Docvan"]
[Result "0-1"]
[WhiteElo "1684"]
[BlackElo "1555"]
[Opening "Dutch, 2.Bg5 variation"]
[ECO "A80"]
[Time "20:00:32"]
[TimeControl "2700+45"]

1. d4 f5 2. Bg5 g6 3. Nc3 d5 4. Nf3 Bg7 5. h4 Nf6 6. e3 Ne4 7. h5 h6 8. Bf4 g5
9. Be5 Bf6 10. Nb5 Na6 11. c4 c6 12. Na3 Qa5+ 13. Nd2 Bxe5 14. dxe5 Be6 15. Qc2
Nb4 16. Qb3 O-O-O 17. O-O-O Nxf2 18. Be2 Nxh1 19. Rxh1 d4 20. Kb1 d3 21. Bf3 g4
22. Bd1 Nc2 23. Nxc2 Qxd2 24. Nd4 Qxg2 25. Nxe6 Qxh1 26. Nc5 b6 27. Ne6 Rd7 28.
Nd4 g3 29. Qa4 b5 30. Qa6+ Kb8 31. Kc1 Qe4 32. Bf3 Qxe3+ {White resigns} 0-1

[Event "Team 45 45 League T55"]
[Site "Internet Chess Club"]
[Date "2012.11.30"]
[Round "3"]
[White "Victor24"]
[Black "RD1974"]
[Result "1-0"]
[WhiteElo "1671"]
[BlackElo "1669"]
[Opening "Sicilian: closed"]
[ECO "B23"]
[Time "14:00:39"]
[TimeControl "2700+45"]

1. e4 c5 2. Nc3 e6 3. f4 a6 4. g3 Qc7 5. Nf3 Nc6 6. Bg2 b5 7. O-O Bb7 8. d4 cxd4
9. Nxd4 Bc5 10. Be3 Qb6 11. Nce2 Nf6 12. h3 Nxd4 13. Bxd4 Bxd4+ 14. Qxd4 Qxd4+
15. Nxd4 Bxe4 16. Rfe1 Bxg2 17. Kxg2 O-O 18. a4 b4 19. Re3 Nd5 20. Rd3 Rfc8 21.
Rc1 h5 22. Nf3 d6 23. c4 bxc3 24. bxc3 Rc4 25. a5 Rac8 26. Rb1 Rxc3 27. Rxc3
Rxc3 28. Rb8+ Kh7 29. Ng5+ Kg6 30. Ne4 Ra3 31. Nxd6 Rxa5 32. Rb7 f6 33. Kf3 Ra3+
34. Kf2 Ra2+ 35. Kf3 a5 36. Ne8 Ra3+ 37. Ke4 Re3+ 38. Kd4 a4 39. Rxg7+ Kh6 40.
g4 Rg3 41. f5 Nf4 42. Ke4 e5 43. Ra7 a3 44. Nxf6 Rxh3 45. Kxe5 Nd3+ 46. Kd4 Nc1
47. gxh5 a2 48. Ke5 Rb3 49. Rh7+ Kg5 50. Rg7+ Kh4 51. Rg4+ Kh3 52. Ra4 Nd3+ 53.
Kd6 Rb6+ 54. Ke7 Rb7+ 55. Kf8 Rb2 56. h6 Nc5 57. Ra3+ Nb3 58. h7 a1=Q 59. h8=Q+
Kg2 60. Rxa1 Nxa1 61. Qg7+ Kf1 62. Qd7 Ke2 63. Qe6+ Kd1 64. Qd5+ Kc1 65. Qh1+
Kc2 66. Qxa1 Rb8+ 67. Kg7 Rb7+ 68. Kg6 Rb6 69. Qa4+ Kd3 70. Qe4+ Kd2 71. Qd4+
{Black resigns} 1-0

[Event "Team 45 45 League T55"]
[Site "Internet Chess Club"]
[Date "2012.11.30"]
[Round "3"]
[White "amicusUK"]
[Black "PANAMA-REY"]
[Result "1/2-1/2"]
[WhiteElo "1637"]
[BlackElo "1385"]
[Opening "Queen's pawn: London system"]
[ECO "A45"]
[Time "11:00:47"]
[TimeControl "2700+45"]

1. d4 Nf6 2. Bf4 d5 3. e3 c6 4. c3 g6 5. Nd2 Bg7 6. Bd3 Bg4 7. f3 Bc8 8. g4 Nbd7
9. Qc2 e6 10. O-O-O Qe7 11. h4 e5 12. Bg3 a5 13. e4 dxe4 14. Nxe4 Nd5 15. Re1
O-O 16. Nh3 c5 17. dxc5 Nxc5 18. Nxc5 Qxc5 19. Bf2 Qd6 20. Be4 Be6 21. Rd1 Rfd8
22. Kb1 Qe7 23. Ng5 Rac8 24. Nxe6 Qxe6 25. Bxd5 Rxd5 26. Rxd5 Qxd5 27. Qd1 Qb5
28. Ka1 a4 29. a3 Qc4 30. Re1 b5 31. Re4 Qc7 32. Re3 Rd8 33. Rd3 Rxd3 34. Qxd3
h6 {Game drawn by mutual agreement} 1/2-1/2

[Event "Team 45 45 League T55"]
[Site "Internet Chess Club"]
[Date "2012.11.30"]
[Round "3"]
[White "pereelcoix"]
[Black "palm47"]
[Result "1/2-1/2"]
[WhiteElo "1428"]
[BlackElo "1454"]
[Opening "Pirc: classical (two knights) system"]
[ECO "B06"]
[Time "10:01:27"]
[TimeControl "2700+45"]

1. e4 g6 2. d4 Bg7 3. Nf3 d6 4. Nc3 Nf6 5. Bc4 O-O 6. O-O Nc6 7. d5 Na5 8. Be2
b6 9. b4 Nb7 10. Bg5 a5 11. bxa5 Nxa5 12. e5 Ng4 13. exd6 cxd6 14. Nd4 Ne5 15.
Bf4 Ba6 16. Bxa6 Rxa6 17. Qe2 Ra8 18. Bxe5 Bxe5 19. Ncb5 Qd7 20. Rab1 Rfc8 21.
Rfd1 Rc5 22. Nf3 Nc4 23. Nxe5 dxe5 24. Rb4 Rxb5 25. Qxc4 Rxb4 26. Qxb4 Rxa2 27.
Qb3 Qa4 28. Qxb6 Qxc2 29. Qb8+ Kg7 30. Qxe5+ Kg8 31. Qb8+ Kg7 32. Qe5+ Kg8 33.
Qb8+ {Game drawn by mutual agreement} 1/2-1/2

[Event "Team 45 45 League T55"]
[Site "Internet Chess Club"]
[Date "2012.12.01"]
[Round "3"]
[White "Bluecat"]
[Black "anna"]
[Result "1-0"]
[WhiteElo "1914"]
[BlackElo "1617"]
[Opening "Queen's pawn game"]
[ECO "D02"]
[Time "14:04:15"]
[TimeControl "2700+45"]

1. d4 d5 2. Nf3 e6 3. Bf4 Nf6 4. e3 Be7 5. Nbd2 Nbd7 6. Bd3 c5 7. c3 b6 8. O-O
O-O 9. Ne5 Bb7 10. Qf3 Re8 11. Qh3 Nf8 12. Ndf3 c4 13. Bc2 Ne4 14. Ba4 f6 15.
Nc6 Qc8 16. Nxe7+ Rxe7 17. Bc2 Ng6 18. Rfe1 Qe8 19. Rad1 Rd8 20. Nd2 Nxd2 21.
Rxd2 Bc8 22. Qh5 f5 23. Bg5 Bd7 24. f3 Qf8 25. e4 dxe4 26. fxe4 Bc6 27. exf5
exf5 28. Bxe7 Nxe7 29. Rde2 g6 30. Qg5 Nd5 31. Bxf5 Kh8 32. Bc2 {Black resigns}
1-0

[Event "Team 45 45 League T55"]
[Site "Internet Chess Club"]
[Date "2012.12.07"]
[Round "3"]
[White "Joeohio"]
[Black "clarinetref"]
[Result "0-1"]
[WhiteElo "1460"]
[BlackElo "1721"]
[Opening "Sicilian: Grand Prix attack"]
[ECO "B23"]
[Time "21:11:08"]
[TimeControl "2700+45"]

1. e4 c5 2. Nc3 Nc6 3. f4 g6 4. Nf3 Bg7 5. Bc4 e6 6. d3 Nge7 7. O-O a6 8. a4 O-O
9. Qe1 d5 10. Ba2 Nb4 11. Bb1 Bd7 12. f5 exf5 13. Qh4 f6 14. Bh6 fxe4 15. dxe4
dxe4 16. Nxe4 Nf5 17. Qf4 Bxh6 18. Qg4 {White resigns} 0-1

[Event "Team 45 45 League T55"]
[Site "Internet Chess Club"]
[Date "2012.11.30"]
[Round "3"]
[White "tryanything"]
[Black "iceface"]
[Result "0-1"]
[WhiteElo "1545"]
[BlackElo "1669"]
[Opening "Sicilian: Grand Prix attack"]
[ECO "B21"]
[Time "19:00:09"]
[TimeControl "2700+45"]

1. e4 c5 2. f4 Nc6 3. Nf3 d6 4. Nc3 g6 5. d3 Bg7 6. Be2 e6 7. O-O Nge7 8. a3 a6
9. Rb1 b5 10. Bd2 Nd4 11. Nxd4 cxd4 12. Na2 Qb6 13. Bf3 Bb7 14. Nc1 Rc8 15. Nb3
O-O 16. Kh1 Rfe8 17. Rc1 Ba8 18. c3 dxc3 19. Bxc3 Qa7 20. Bxg7 Kxg7 21. Qd2 f5
22. Rxc8 Rxc8 23. Rc1 Qd7 24. Rxc8 Qxc8 25. Qc3+ Kf7 26. Qxc8 Nxc8 27. g3 Nb6
28. Kg2 Na4 29. e5 Bxf3+ 30. Kxf3 Ke7 31. Nd4 Nxb2 32. exd6+ Kxd6 33. Ke3 Na4
34. h4 Nc5 35. Nc2 a5 36. Nd4 b4 37. axb4 axb4 38. Kd2 Kd5 39. Nc2 b3 40. Nb4+
Kd4 41. Nc6+ Kd5 42. Nb4+ Kd6 43. Kc3 Kc7 44. d4 Ne4+ 45. Kxb3 Nxg3 46. d5 Kd6
47. dxe6 Kxe6 48. Nd3 Kd5 49. Kc2 Ke4 50. Kd2 Nh5 {White resigns} 0-1

[Event "Team 45 45 League T55"]
[Site "Internet Chess Club"]
[Date "2012.11.29"]
[Round "3"]
[White "vjbaker"]
[Black "PostMike"]
[Result "1-0"]
[WhiteElo "1453"]
[BlackElo "1477"]
[Opening "Sicilian defense"]
[ECO "B33"]
[Time "17:00:42"]
[TimeControl "2700+45"]

1. e4 c5 2. Nf3 Nc6 3. d4 cxd4 4. Nxd4 Nf6 5. Nc3 a6 6. Bc4 e6 7. O-O Bb4 8. f3
Bc5 9. Ne2 e5 10. c3 exd4 11. cxd4 Be7 12. e5 Ng8 13. d5 Nxe5 14. Bb3 d6 15. f4
Nd7 16. Qe1 Ngf6 17. Nd4 O-O 18. Nf5 Re8 19. Qg3 Bf8 20. Nh6+ Kh8 21. Nxf7+ Kg8
22. Nxd8 Rxd8 23. Re1 b5 24. Bd2 Bb7 25. Ba5 Rdc8 26. Rad1 g6 27. f5 Ne5 28. Bc3
Nh5 29. Qg5 Nf7 30. Qh4 Bh6 31. fxg6 hxg6 32. g4 Bg5 33. Qf2 Nf4 34. Qg3 Re8 35.
h4 Ne2+ 36. Rxe2 Rxe2 37. hxg5 Rae8 38. Re1 Rxe1+ 39. Bxe1 Kg7 40. Bc3+ Ne5 41.
Qf4 Rf8 42. Bxe5+ dxe5 43. Qxe5+ Kh7 44. Qh2+ Kg7 45. Qh6+ Kg8 46. d6+ {Black
resigns} 1-0